 Dungeon Crawl Stone Soup version 0.28-a0-1190-g77e1c55843 (webtiles) character file.

Game seed: 7134975156837984225

77 mandarbmax the Conjurer (level 4, -4/33 HPs)
             Began as a Draconian Conjurer on Dec 18, 2021.
             Slain by Grinder (6 damage)
             ... while paralysed by Grinder
             ... on level 3 of the Dungeon.
             The game lasted 00:04:46 (2175 turns).

mandarbmax the Conjurer (Draconian Conjurer)        Turns: 2175, Time: 00:04:47

Health: -4/33      AC:  5    Str:  7 (10) XL:     4   Next: 14%
Magic:  1/7        EV:  2    Int: 18 (20) God:
Gold:   56         SH:  0    Dex:  6 (9)  Spells: 5/8 levels left

rFire   . . .      SeeInvis .   (no weapon)
rCold   . . .      Faith    .   (no shield)
rNeg    . . .      Spirit   .   (armour unavailable)
rPois   .          Reflect  .   (helmet restricted)
rElec   .          Harm     .   (no cloak)
rCorr   .          Rampage  .   (no gloves)
Will    .....                   (no boots)
Stlth   +.........              (no amulet)
HPRegen 0.11/turn               (no ring)
MPRegen 0.10/turn               (no ring)

@: paralysed
A: AC +5, unfitting armour, cold-blooded
a: no special abilities


You were on level 3 of the Dungeon.
You visited 1 branch of the dungeon, and saw 3 of its levels.

You collected 56 gold pieces.

Inventory:

Scrolls
 a - a scroll of holy word {unknown}
 c - a scroll of enchant armour {unknown}
 d - 3 scrolls of immolation {unknown}
 f - a scroll of identify {unknown}
 g - a scroll of blinking {unknown}
Potions
 b - a potion of heal wounds


   Skills:
 - Level 2.0 Dodging
 - Level 1.7 Stealth
 + Level 2.6 Spellcasting
 * Level 5.2 Conjurations


You had 5 spell levels left.
You knew the following spells:

 Your Spells              Type           Power      Damage    Failure   Level
a - Magic Dart            Conj           84%        1d7       1%          1
b - Searing Ray           Conj           42%        2d6       3%          2

Your spell library contained the following spells:

 Spells                   Type           Power      Damage    Failure   Level
 Slow                     Hex            8%         N/A       17%         1
 Dazzling Flash           Conj/Hex       22%        N/A       17%         3
 Confusing Touch          Hex            2%         N/A       45%         3
 Vampiric Draining        Necr           2%         2d6       45%         3
 Fulminant Prism          Conj/Hex       5%         3d7       50%         4
 Iskenderun's Mystic Bla  Conj/Tloc      11%        2d4       50%         4


Dungeon Overview and Level Annotations

Branches:
Dungeon (3/15)

Altars:

Annotations:
D:3 Grinder


Innate Abilities, Weirdness & Mutations

Your plain brown scales are hard. (AC +5)
You cannot fit into any form of body armour.
You are cold-blooded and may be slowed by cold attacks.


Message History

Pain shoots through your body! Grinder hits you!
* * * LOW HITPOINT WARNING * * *
You can move again.
Unknown command.
Unknown command.
Unknown command.
You feel much better. Grinder hits you but does no damage.
Casting: Searing Ray (safe; 3% risk of failure)
Confirm with . or Enter, or press ? or * to list all spells.
Aiming: Searing Ray (safe; 3% risk of failure)
Press: ? - help, Shift-Dir - straight line, f/p - Grinder
Aim: Grinder (severely wounded, 75% to hit)
The searing ray hits Grinder.
Grinder is almost dead. (Press . to maintain the ray.) Grinder gestures at you.
You shrug off the repeated paralysis!
Unknown command.
Unknown command.
The searing ray misses Grinder.
Grinder says, "At least Makhleb appreciates what I'm doing."
Grinder barely misses you.
Unknown command.
The searing ray hits Grinder!
Grinder is almost dead.
Grinder gestures at you.
You suddenly lose the ability to move!
Grinder gestures at you. Pain shoots through your body! Grinder hits you.
You writhe in agony.
* * * LOW HITPOINT WARNING * * *
Grinder hits you but does no damage. Grinder gestures at you.
Pain shoots through your body!
* * * LOW HITPOINT WARNING * * *
Grinder hits you.
* * * LOW HITPOINT WARNING * * *
Grinder hits you.
You die...

#.##.##
#†##..#
#.###.# #.#
#.## #.#
#..# ..#
##.## #..#
##5# #@# #.#
#.# #.# ##.#
##..#
#####+##..##
.........##
..........#


You could see Grinder.

Vanquished Creatures
  2 adders
  A worm (D:2)
  A dart slug (D:1)
  An orc (D:3)
  2 ball pythons (D:1)
  2 bats
  6 endoplasms
  2 giant cockroaches
  4 goblins
  5 hobgoblins
  6 jackals
  2 kobolds
  3 quokkas
  2 frilled lizards (D:1)
  9 rats
48 creatures vanquished.

Vanquished Creatures (others)
  2 fungi (D:1)
  3 plants (D:1)
5 creatures vanquished.

Grand Total: 53 creatures vanquished

Notes
Turn   | Place    | Note
-------+----------+-------------------------------------------
     0 | D:1      | mandarbmax the Draconian Conjurer began the quest for the
                  | Orb.
     0 | D:1      | Reached XP level 1. HP: 14/14 MP: 3/3
   134 | D:1      | Reached XP level 2. HP: 20/20 MP: 0/5
   588 | D:1      | Found a faded altar of an unknown god.
   799 | D:1      | Reached XP level 3. HP: 26/26 MP: 3/6
  1136 | D:1      | Learned a level 2 spell: Searing Ray
  1324 | D:2      | Reached skill level 5 in Conjurations
  1760 | D:3      | Reached XP level 4. HP: 33/33 MP: 0/7
  2108 | D:3      | Noticed Grinder
  2115 | D:3      | Paralysed by Grinder for 5 turns
  2159 | D:3      | Paralysed by Grinder for 7 turns
  2169 | D:3      | Paralysed by Grinder for 7 turns
  2175 | D:3      | Slain by Grinder

Illustrated notes

Levels and vault maps discovered:
D:1:      eino_arrival_water_cross, layout_basic,
          shapermc_ecumenical_altar_acropolis
D:2:      layout_rooms
D:3:      kennysheep_six_static_rooms, layout_basic, uniq_grinder

Skill      XL: |  1  2  3 |
---------------+----------+-----
Dodging        | 2 |  2.0
Conjurations   | 5 |  5.2
Stealth        | |  1.7
Spellcasting   | |  2.6

Action                   |  1- 3 |  4- 6 || total
-------------------------+-------+-------++-------
Melee: Unarmed           |     9 |    10 ||    19
 Cast: Magic Dart        |    84 |    12 ||    96
       Searing Ray       |     2 |     5 ||     7
  Use: Potion            |       |     4 ||     4
Armor: Skin              |     6 |     8 ||    14
Dodge: Dodged            |    13 |     6 ||    19

Table legend: (Time is in decaauts)
 A = Elapsed time spent in this place.
 B = Non-inter-level travel time spent in this place.
 C = Inter-level travel time spent in this place.
 D = Time resting spent in this place.
 E = Time spent auto-exploring this place.
 F = Levels seen in this place.
 G = Mean time per level.
                   A        B        C        D        E       F      G
               +--------+--------+--------+--------+--------+-----+--------+
         Total |   2174 |   2128 |     46 |     92 |   1732 |   3 |  724.7 |
       Dungeon |   2174 |   2128 |     46 |     92 |   1732 |   3 |  724.7 |
               +--------+--------+--------+--------+--------+-----+--------+

Top non-repeatable levels by time:
     D:1: 1156 daAuts
     D:2: 595 daAuts
     D:3: 422 daAuts
